 Dungeon Crawl Stone Soup version 0.30-a0-711-gf4ac18a38d (webtiles) character file.

Game seed: 5961578004591003034

420 Leeroy the Slasher (level 6, 0/35 HPs)
             Began as a Tengu Warper on Jan 22, 2023.
             Succumbed to a scorpion's poison
             ... on level 4 of the Dungeon.
             The game lasted 00:06:12 (3047 turns).

Leeroy the Slasher (Tengu Warper)                   Turns: 3047, Time: 00:06:13

Health: 0/35       AC:  5    Str: 11    XL:     6   Next: 94%
Magic:  8/10       EV: 14    Int: 13    God:
Gold:   152        SH:  0    Dex: 16    Spells: 4/9 levels left

rFire   + . .      SeeInvis .    a - +0 falchion
rCold   + . .      Faith    .    (no shield)
rNeg    . . .      Spirit   .    b - +0 leather armour
rPois   +          Reflect  .    (helmet restricted)
rElec   +          Harm     .    u - +0 cloak
rCorr   +          Rampage  .    w - +0 pair of gloves
Will    .....                    (boots unavailable)
Stlth   +                        (no amulet)
HPRegen 0.25/turn                r - ring of wizardry
MPRegen 0.12/turn                (no ring)

@: lethally poisoned (0 -> -8), resistant, on blink cooldown, flying quickly and
evasively, quick
A: beak, talons 3, nimble flight
a: no special abilities


You were on level 4 of the Dungeon.
You visited 1 branch of the dungeon, and saw 4 of its levels.

You collected 210 gold pieces.
You spent 58 gold pieces at shops.

Inventory:

Hand Weapons
 a - a +0 falchion (weapon)
Missiles
 d - 7 boomerangs of dispersal (quivered)
 i - 2 poisoned darts
 v - 2 javelins
Armour
 b - a +0 leather armour (worn)
 u - a +0 cloak (worn)
 w - a +0 pair of gloves (worn)
Jewellery
 r - a ring of wizardry (left hand)
 x - an amulet of faith
Scrolls
 c - a scroll of blinking
 e - 3 scrolls of torment {unknown}
 f - 2 scrolls of vulnerability {unknown}
 h - 2 scrolls of fog {unknown}
 m - a scroll of immolation {unknown}
 p - 3 scrolls of amnesia {unknown}
 q - a scroll of butterflies {unknown}
 s - a scroll of poison {unknown}
 t - 6 scrolls of identify {unknown}
 y - 3 scrolls of enchant armour {unknown}
 B - 2 scrolls of noise {unknown}
Potions
 g - a potion of berserk rage {unknown}
 k - a potion of resistance
 l - 2 potions of attraction {unknown}
 n - a potion of flight {unknown}
 o - a potion of heal wounds {unknown}
 z - a potion of degeneration {unknown}
 A - a potion of cancellation {unknown}


   Skills:
 - Level 2.0 Fighting
 + Level 7.9 Long Blades
 - Level 1.0 Throwing
 - Level 1.1 Armour
 - Level 2.1 Dodging
 - Level 2.0 Spellcasting
 - Level 2.4 Translocations


You had 4 spell levels left.
You knew the following spells:

 Your Spells              Type           Power      Damage    Failure   Level
a - Blink                 Tloc           14%        N/A       8%          2
b - Vhi's Electric Charg  Tloc/Air       8%         N/A       24%         3

Your spell library contained the following spells:

 Spells                   Type           Power      Damage    Failure   Level
 Lesser Beckoning         Tloc           14%        N/A       8%          2
 Beastly Appendage        Tmut           2%         N/A       13%         1
 Summon Small Mammal      Summ           4%         N/A       13%         1
 Teleport Other           Tloc           7%         N/A       16%         3
 Wereblood                Tmut           1%         N/A       21%         2
 Call Canine Familiar     Summ           1%         N/A       36%         3
 Ozocubu's Armour         Ice            1%         N/A       36%         3
 Spider Form              Tmut/Pois      1%         N/A       36%         3
 Summon Guardian Golem    Hex/Summ       1%         N/A       36%         3
 Manifold Assault         Tloc           7%         N/A       43%         4
 Metabolic Englaciation   Hex/Ice        0%         N/A       97%         5
 Simulacrum               Ice/Necr       0%         N/A       100%        6


Dungeon Overview and Level Annotations

Branches:
Dungeon (4/15)
 Temple: D:4-7

Altars:
Gozag

Shops:
D:1 (

Annotations:
D:3 Sigmund


Innate Abilities, Weirdness & Mutations

You have a beak for a mouth.
You have claws for feet.
Your magical nature lets you fly swiftly and evasively.


Message History

The sling bullet closely misses you.
You barely miss the scorpion.
The scorpion is severely wounded.
You feel very sick. The scorpion misses you.
The goblin hits you with a +0 club. The scorpion barely misses you.
You feel sick.
Okay, then.
Okay, then.
The scorpion attacks as you move away! The scorpion closely misses you.
You feel sick.
The goblin unwields a +0 sling.
The goblin wields a +0 dagger.
The goblin hits you but does no damage.
You closely miss the goblin. Your kick misses the goblin.
You feel sick. The scorpion misses you. The goblin closely misses you.
You hit the goblin. Your kick misses the goblin. Your peck misses the goblin.
The goblin is heavily wounded.
You feel sick. The goblin closely misses you. The scorpion barely misses you.
The goblin misses you.
You closely miss the goblin. You claw the goblin.
You kill the goblin!
You feel sick. The goblin hits you but does no damage. The scorpion misses you.
The scorpion closely misses you.
Casting: Vhi's Electric Charge (quite dangerous; 24% risk of failure)
Confirm with . or Enter, or press ? or * to list all spells.
You blink.
You feel sick. The scorpion closely misses you.
You feel sick. The scorpion attacks as you move away! The scorpion stings you.
* * * LOW HITPOINT WARNING * * *
You feel sick.
You are no longer poisoned.
The goblin closely misses you. The scorpion stings you.
* * * LOW HITPOINT WARNING * * *
You are lethally poisoned!
The scorpion poisons you!
Found a stone staircase leading up.
* * * LOW HITPOINT WARNING * * *
You feel very sick.
It was a potion of resistance.
You feel protected.
You die...

.# # .#. .#.###
..... # .#.# .##
... < ..# . .#
#.. #.# .. ###
.....###.# ...
..## .......@.#
.... ...####
.....###g##.....
......+ ...
##...s......
...#### .
#.†#l#.....#
...##
#.#..#.#..##
....# ####)§$##
. #.# ##).# #
##...#### ## .
##.<# #.#..#.#
..).## #.#.#†.#


You could see a scorpion, an iguana and a goblin.

Vanquished Creatures
  An ogre (D:4)
  A phantom (D:4)
  A scorpion (D:4)
  A gnoll bouda (D:2)
  A jelly (D:3)
  Robin (D:2)
  3 gnolls (D:3)
  4 adders
  2 dart slugs (D:2)
  An orc (D:3)
  8 endoplasms
  3 giant cockroaches
  15 goblins
  7 hobgoblins
  A jackal (D:1)
  2 quokkas
  9 ball pythons
  8 bats
  A frilled lizard (D:1)
  2 kobolds
  7 rats
79 creatures vanquished.

Notes
Turn   | Place    | Note
-------+----------+-------------------------------------------
     0 | D:1      | Leeroy the Tengu Warper began the quest for the Orb.
     0 | D:1      | Reached XP level 1. HP: 12/12 MP: 4/4
   111 | D:1      | Found an opulent altar of Gozag.
   120 | D:1      | Reached XP level 2. HP: 15/17 MP: 6/6
   167 | D:1      | Reached skill level 3 in Long Blades
   306 | D:1      | Found Niroulo's Weapon Boutique.
   318 | D:1      | Bought 2 poisoned darts for 16 gold pieces
   318 | D:1      | Bought a throwing net for 42 gold pieces
   428 | D:1      | Reached XP level 3. HP: 21/21 MP: 7/7
   828 | D:2      | Reached skill level 4 in Long Blades
   966 | D:2      | Reached XP level 4. HP: 16/26 MP: 8/8
   985 | D:2      | Learned a level 2 spell: Blink
   989 | D:2      | Learned a level 3 spell: Vhi's Electric Charge
  1368 | D:2      | Noticed Robin
  1373 | D:2      | Reached skill level 5 in Long Blades
  1492 | D:3      | Found a faded altar of an unknown god.
  1652 | D:2      | Killed Robin
  1653 | D:2      | Gained mutation: Your magical nature lets you fly swiftly
                  | and evasively. [Tengu growth]
  1653 | D:2      | Reached XP level 5. HP: 8/30 MP: 5/9
  2160 | D:2      | Reached skill level 6 in Long Blades
  2520 | D:3      | Noticed Sigmund
  2803 | D:4      | Noticed an ogre
  2815 | D:4      | Killed an ogre
  2816 | D:4      | Reached skill level 7 in Long Blades
  2816 | D:4      | Reached XP level 6. HP: 14/35 MP: 10/10
  3047 | D:4      | Succumbed to a scorpion's poison

Illustrated notes

Levels and vault maps discovered:
D:1:      dpeg_arrival_court, layout_loops_ring, serial_shops,
          nicolae_shop_competitors_out_of_business, serial_glass,
          glass_columns_b, glass_columns_c, minmay_hexomino_r4
D:2:      layout_basic, minmay_misc_feat_iff, uniq_robin
D:3:      layout_basic, makhleb_altar_promises_db,
          shapermc_ecumenical_altar_ellora, uniq_sigmund
D:4:      layout_loops_corners, minmay_bent

Skill      XL: |  1  2  3  4  5 |
---------------+----------------+-----
Long Blades    | 3 4 5 7 |  7.9
Fighting       | |  2.0
Throwing       | |  1.0
Armour         | |  1.1
Dodging        | |  2.1
Spellcasting   | |  2.0
Translocations | |  2.4

Action                     |  1- 3 |  4- 6 || total
---------------------------+-------+-------++-------
  Melee: Falchion          |    75 |   125 ||   200
         Kick              |    16 |    42 ||    58
         Peck              |     9 |    18 ||    27
         Punch             |     1 |     2 ||     3
  Throw: Throwing net      |       |     1 ||     1
   Cast: Vhi's Electric Ch |       |     5 ||     5
         Blink             |       |     2 ||     2
    Use: Potion            |       |     1 ||     1
   Stab: Sleeping          |       |     2 ||     2
 Armour: Leather armour    |    18 |    37 ||    55
  Dodge: Dodged            |    56 |    91 ||   147

Table legend: (Time is in decaauts)
 A = Elapsed time spent in this place.
 B = Non-inter-level travel time spent in this place.
 C = Inter-level travel time spent in this place.
 D = Time resting spent in this place.
 E = Time spent auto-exploring this place.
 F = Levels seen in this place.
 G = Mean time per level.
                   A        B        C        D        E       F      G
               +--------+--------+--------+--------+--------+-----+--------+
         Total |   2979 |   2804 |    175 |    132 |   1967 |   4 |  744.8 |
       Dungeon |   2979 |   2804 |    175 |    132 |   1967 |   4 |  744.8 |
               +--------+--------+--------+--------+--------+-----+--------+

Top non-repeatable levels by time:
     D:2: 1112 daAuts
     D:3: 813 daAuts
     D:1: 783 daAuts
     D:4: 270 daAuts
